 Dungeon Crawl Stone Soup version 0.28-a0-919-g0b5b508569 (webtiles) character file.

Game seed: 4733420734215785590

2074 enile the Skirmisher (level 9, 0/79 HPs)
             Began as a Ghoul Monk on Nov 26, 2021.
             Was a Believer of Uskayaw.
             Slain by a hornet (7 damage)
             ... on level 6 of the Dungeon.
             The game lasted 00:09:58 (6663 turns).

enile the Skirmisher (Ghoul Monk)                   Turns: 6663, Time: 00:09:58

Health: 0/79       AC: 10    Str: 18    XL:     9   Next: 26%
Magic:  11/11      EV: 12    Int:  5    God:    Uskayaw [**....]
Gold:   247        SH:  0    Dex: 11    Spells: 8/8 levels left

rFire   . . .      SeeInvis .     - Unarmed
rCold   + . .      Faith    .   (no shield)
rNeg    + + +      Spirit   .   c - +0 chain mail
rPois   ∞          Reflect  .   (no helmet)
rElec   .          Harm     .   (no cloak)
rCorr   +          Rampage  .   (no gloves)
Will    .....                   (no boots)
Stlth   ..........              (no amulet)
HPRegen 0.00/turn               g - +4 ring of evasion
MPRegen 0.12/turn               j - ring of resist corrosion

@: inhibited regen
A: claws 1, cold resistance 1, negative energy resistance 3, inhibited
regeneration, torment resistance 2
a: Renounce Religion, Stomp, Line Pass


You were on level 6 of the Dungeon.
You worshipped Uskayaw.
Uskayaw was noncommittal.
You visited 1 branch of the dungeon, and saw 7 of its levels.

You collected 247 gold pieces.

Inventory:

Missiles
 n - 3 javelins (quivered)
Armour
 a - a +0 robe
 c - a +0 chain mail (worn)
 e - a +0 leather armour
 i - a +0 robe of willpower
 v - a +0 cloak
Jewellery
 g - a +4 ring of evasion (left claw)
 j - a ring of resist corrosion (right claw)
Wands
 s - a wand of charming (7)
Scrolls
 b - a scroll of fear {unknown}
 f - a scroll of silence {unknown}
 h - a scroll of teleportation
 k - a scroll of fog
 l - a scroll of holy word {unknown}
 m - 2 scrolls of identify {unknown}
 o - a scroll of noise {unknown}
 q - a scroll of enchant weapon {unknown}
 u - a scroll of blinking {unknown}
Potions
 d - 3 potions of haste {unknown}
 p - a potion of attraction {unknown}
 r - a potion of flight {unknown}
 t - 3 potions of curing {unknown}


   Skills:
 - Level 7.0 Fighting
 - Level 2.0 Throwing
 - Level 7.0 Armour
 - Level 2.6 Dodging
 - Level 4.0 Stealth
 + Level 6.0 Unarmed Combat
 - Level 4.0 Invocations


You had 8 spell levels left.
You didn't know any spells.
Your spell library contained the following spells:

 Spells                   Type           Power      Damage    Failure   Level
 Static Discharge         Conj/Air       0%         N/A       100%        2
 Gell's Gravitas          Tloc           0%         N/A       100%        3
 Lesser Beckoning         Tloc           0%         N/A       100%        3
 Teleport Other           Tloc           0%         N/A       100%        3
 Dispel Undead            Necr           0%         3d6       100%        4
 Fulminant Prism          Conj/Hex       0%         3d6       100%        4
 Iskenderun's Mystic Bla  Conj/Tloc      0%         2d3       100%        4
 Sticky Flame             Conj/Fire      0%         2d3       100%        4
 Lee's Rapid Deconstruct  Erth           0%         3d5*      100%        5


Dungeon Overview and Level Annotations

Branches:
Dungeon (7/15)
 Temple: D:4-7

Altars:
Hepliaklqana
Kikubaaqudgha
Uskayaw

Annotations:
D:6 3 runed translucent doors, siradein's ghost, novice MiHu


Innate Abilities, Weirdness & Mutations

You thrive by killing the living.
You are immune to poison.
You have sharp fingernails.
Your flesh is cold resistant. (rC+)
You are immune to negative energy. (rN+++)
You do not regenerate when monsters are visible.
You are immune to unholy pain and torment.


Message History

The hornet stings you but does no damage.
You scratch the hornet.
The hornet is lightly wounded.
The hornet closely misses you. The hornet stings you!
You claw the hornet!
The hornet is moderately wounded.
The hornet stings you but does no damage.
You scratch the hornet but do no damage.
The hornet is moderately wounded.
The hornet closely misses you.
You closely miss the hornet.
The hornet is moderately wounded.
The hornet stings you.
The hornet stings you but does no damage.
You closely miss the hornet.
The hornet is moderately wounded.
The hornet stings you.
You miss the hornet.
The hornet is moderately wounded.
The hornet stings you.
You claw the hornet!
The hornet is heavily wounded.
The hornet stings you!
* * * LOW HITPOINT WARNING * * *
The hornet stings you!
* * * LOW HITPOINT WARNING * * *
You can now pass through a line of other dancers.
Okay, then.
Okay, then.
You closely miss the hornet.
The hornet is heavily wounded.
The hornet stings you but does no damage.
You scratch the hornet but do no damage.
The hornet is heavily wounded.
The hornet stings you.
* * * LOW HITPOINT WARNING * * *
You closely miss the hornet.
The hornet is heavily wounded.
The hornet stings you!
You die...

#.# #.# #.........#.#. #.# #.#
########.#####.#.#. ####.#
#.######........# #.#.#. .....#
#.##...#.######## #.#.#. ######
#.##......# #.#)## #.........#
#.#.# #####.#...# #.#.#
#.#..y###########.#.##
############....@............)...
......)))......#############.####
#############..# #...........
#..# #.#####.#### #..# #.# #.#
#..#######.# #.# #...<......# #.#
#.########### #.####
#...........# #.....


You could see a hornet.

Vanquished Creatures
  A centaur zombie (D:5)
  Menkaure (D:6)
  A sky beast (D:4)
  A necrophage (D:4)
  3 ogres (D:5)
  A centaur (D:6)
  2 bullfrogs (D:6)
  A water moccasin zombie (D:5)
  3 scorpions
  2 water moccasin skeletons (D:5)
  2 bullfrog zombies (D:6)
  3 orc priests
  2 hounds (D:4)
  A jelly (D:4)
  2 bullfrog skeletons
  2 scorpion zombies (D:5)
  2 iguanas (D:6)
  2 orc wizards
  8 gnolls
  3 adders
  An ufetubus (D:6)
  An adder skeleton (D:4)
  2 worms (D:2)
  A dart slug (D:2)
  18 orcs
  6 ball pythons
  5 endoplasms
  2 giant cockroaches
  3 goblins
  9 hobgoblins
  4 kobolds
  4 quokkas
  5 bats
  2 frilled lizards (D:1)
  2 rats
108 creatures vanquished.

Vanquished Creatures (others)
  A fungus (D:6)
  3 plants (D:6)
4 creatures vanquished.

Grand Total: 112 creatures vanquished

Notes
Turn   | Place    | Note
-------+----------+-------------------------------------------
     0 | D:1      | enile the Ghoul Monk began the quest for the Orb.
     0 | D:1      | Reached XP level 1. HP: 19/19 MP: 0/0
   244 | D:1      | Reached XP level 2. HP: 20/27 MP: 1/1
   954 | D:2      | Reached XP level 3. HP: 20/33 MP: 2/2
  1142 | D:2      | Reached skill level 1 in Armour
  1557 | D:3      | Reached XP level 4. HP: 14/41 MP: 3/3
  2135 | D:3      | Found a faded altar of an unknown god.
  2445 | D:3      | Found a faded altar of an unknown god.
  2445 | D:3      | Found a hazy altar of Hepliaklqana.
  2446 | D:3      | Found a faded altar of an unknown god.
  2454 | D:3      | Prayed at the altar of an unknown god.
  2454 | D:3      | Became a worshipper of Uskayaw the Reveller
  2454 | D:3      | Reached * piety under Uskayaw
  2454 | D:3      | Reached ** piety under Uskayaw
  2530 | D:4      | Noticed a scorpion
  2532 | D:4      | Noticed a sky beast
  2552 | D:4      | Reached skill level 5 in Fighting
  2552 | D:4      | Reached XP level 5. HP: 39/48 MP: 4/4
  2559 | D:4      | Reached *** piety under Uskayaw
  2565 | D:4      | Reached **** piety under Uskayaw
  2570 | D:4      | Reached ***** piety under Uskayaw
  2578 | D:4      | Reached XP level 6. HP: 27/56 MP: 5/5
  2581 | D:4      | Reached ****** piety under Uskayaw
  2583 | D:4      | Killed a sky beast
  2584 | D:4      | Reached skill level 5 in Unarmed Combat
  2870 | D:4      | Noticed a necrophage
  2882 | D:4      | Killed a necrophage
  2883 | D:4      | Reached XP level 7. HP: 61/61 MP: 6/6
  2964 | D:4      | You fall into a shaft and drop 1 floor!
  2964 | D:5      | Entered Level 5 of the Dungeon
  3437 | D:4      | Found a hide-covered altar of Uskayaw.
  3546 | D:4      | Reached skill level 1 in Invocations
  3692 | D:4      | Found an ancient bone altar of Kikubaaqudgha.
  3910 | D:5      | Reached skill level 5 in Armour
  3910 | D:5      | Reached XP level 8. HP: 39/70 MP: 7/9
  4518 | D:5      | Reached skill level 1 in Throwing
  5474 | D:6      | Reached XP level 9. HP: 65/79 MP: 11/11
  5968 | D:6      | Noticed Menkaure
  5978 | D:6      | Killed Menkaure
  6132 | D:6      | Found a runed translucent gate.
  6139 | D:6      | Found a runed translucent gate.
  6139 | D:6      | Found a runed translucent gate.
  6139 | D:6      | Noticed siradein's ghost (novice MiHu)
  6330 | D:6      | Noticed a kobold demonologist
  6639 | D:7      | Noticed a hornet
  6663 | D:6      | Slain by a hornet

Illustrated notes

Levels and vault maps discovered:
D:1:      ncdulo_lavacross, layout_rooms
D:2:      layout_rooms, minmay_tetromino_s2
D:3:      layout_loops_ring, nicolae_hepliaklqana_ecumenical_no_more,
          shapermc_ecumenical_altar_starsandcircs
D:4:      layout_cave_pods, mainiacjoe_overflow_alcove_2,
          nicolae_uskayaw_suspiria
D:5:      layout_cave_pods, minmay_misc_feat_enclosed, minmay_misc_feat_doors,
          hangedman_decor_diamond_cutter,
          nicolae_concentric_dashed_squares_mild, minmay_misc_feat_x
D:6:      layout_loops_ring, gammafunk_ghost_nasty_kobolds, uniq_menkaure
D:7:      nicolae_cairo_tiling_very_big, layout_basic,
          minmay_temple_entry_statues_pillars, skrybe_limestone_x,
          hangedman_decor_riveting

Skill      XL: |  1  2  3  4  5  6  7  8  9 |
---------------+----------------------------+-----
Fighting       | 4 5 6 7 |  7.0
Unarmed Combat | 4 5 6 |  6.0
Armour         | 2 3 5 7 |  7.0
Stealth        | 4 |  4.0
Invocations    | 3 4 |  4.0
Throwing       | 2 |  2.0
Dodging        | |  2.6

Action                   |  1- 3 |  4- 6 |  7- 9 || total
-------------------------+-------+-------+-------++-------
Melee: Unarmed           |   121 |    93 |   283 ||   497
       Punch             |     1 |     2 |     9 ||    12
  Use: Scroll            |       |       |     3 ||     3
 Stab: Sleeping          |     2 |       |       ||     2
       Paralysed         |       |     5 |     3 ||     8
Armor: Robe              |     3 |       |       ||     3
       Chain mail        |    27 |    42 |    98 ||   167
Dodge: Dodged            |    52 |    52 |   166 ||   270

Table legend: (Time is in decaauts)
 A = Elapsed time spent in this place.
 B = Non-inter-level travel time spent in this place.
 C = Inter-level travel time spent in this place.
 D = Time resting spent in this place.
 E = Time spent auto-exploring this place.
 F = Levels seen in this place.
 G = Mean time per level.
                   A        B        C        D        E       F      G
               +--------+--------+--------+--------+--------+-----+--------+
         Total |   6616 |   6441 |    175 |      0 |   5530 |   7 |  945.1 |
       Dungeon |   6616 |   6441 |    175 |      0 |   5530 |   7 |  945.1 |
               +--------+--------+--------+--------+--------+-----+--------+

Top non-repeatable levels by time:
     D:5: 1576 daAuts
     D:4: 1333 daAuts
     D:6: 1183 daAuts
     D:3: 951 daAuts
     D:1: 925 daAuts
     D:2: 601 daAuts
     D:7: 44 daAuts
